Map: Frost LE

Players

Chenzewei

  • Race: Zerg Zerg
  • League: Gold
  • Spawn Location: 1:00

Fropez - Winner!

  • Race: Protoss Protoss
  • League: Gold
  • Spawn Location: 5:00

VOD

Have the link to the VOD?

Description

Time

  • Played on: Nov. 14, 2016, 3:40 p.m.
  • Length: 5:36
Show
View Real Time Build Order
Export as new Build Order

Chenzewei Zerg 

Build Orders: Pool First 

Get SALT Encoding   

  12  0:01  Drone  
  13  0:09  Drone  
  14  0:18  Overlord  
  14  0:22  Extractor  
  14  0:24  Drone  
  14  0:29  Extractor  
  14  0:30  Drone  
  16  0:37  Drone  
  17  0:52  Drone  
  18  1:06  Drone x2  
  18  1:09  Spawning Pool  
  19  1:33  Drone x2  
  21  1:42  Hatchery  
  21  1:43  Extractor, Drone  
  20  2:00  Overlord  
  20  2:06  Queen  
  22  2:18  Zergling x2  
  23  2:24  Drone x2  
  23  2:28  Extractor  
  24  2:34  Hatchery  
  23  2:42  Drone  
  23  2:43  Drone  
  25  2:57  Lair  
  25  2:58  Roach Warren  
  24  2:59  Queen  
  24  3:00  Drone  
  27  3:06  Drone x2  
  29  3:19  Drone  
  30  3:31  Hatchery  
  29  3:37  Zergling x6  
  31  3:45  Spine Crawler  
  26  3:58  Drone x2  
  25  4:16  Zergling x2  
  24  4:17  Zergling x4  
  25  4:24  Spire  
  25  4:29  Drone x3  
  27  4:34  Queen, Drone  
  27  4:35  Drone  
  31  4:39  Overseer  
  31  4:42  Drone  
  32  4:56  Drone x2  
  34  5:01  Overlord  
  31  5:23  Spine Crawler  
  31  5:28  Spine Crawler  
Show
View Real Time Build Order
Export as new Build Order

Fropez Protoss - Winner!

Build Orders:  

Get SALT Encoding   

  12  0:01  Probe (Chrono Boost)  
  13  0:13  Probe (Chrono Boost)  
  14  0:20  Pylon  
  14  0:23  Probe (Chrono Boost)  
  15  0:34  Assimilator  
  15  0:39  Probe (Chrono Boost)  
  16  0:45  Gateway  
  16  0:49  Probe (Chrono Boost)  
  17  1:02  Pylon  
  17  1:07  Probe (Chrono Boost)  
  18  1:15  Gateway  
  18  1:18  Probe (Chrono Boost)  
  19  1:22  Assimilator  
  18  1:53  Pylon  
  18  1:57  Cybernetics Core  
  18  1:58  Probe (Chrono Boost)  
  19  2:08  Pylon  
  19  2:11  Probe (Chrono Boost)  
  20  2:22  Probe (Chrono Boost), Forge  
  21  2:33  Adept x2  
  21  2:36  Mothership Core (Chrono Boost)  
  27  2:38  Warp Gate (Chrono Boost)  
  27  2:54  Gateway  
  27  3:04  Gateway  
  27  3:17  Stalker (Chrono Boost)  
  29  3:23  Probe  
  29  3:24  Stalker (Chrono Boost)  
  32  3:30  Protoss Ground Weapons Level 1 (Chrono Boost)  
  30  4:11  Nexus  
  30  4:12  Probe  
  30  4:15  Pylon  
  29  4:30  Probe  
  30  4:39  Stalker x2  
  30  4:40  Stalker  
  36  4:48  Stalker  
  38  5:02  Probe  
  39  5:11  Gateway  
  39  5:12  Stalker  
Tags
 
League
GoldGold
Matchup
PvZ
Opening
Pool First
Replay Pack
All Mines
Spawn Locations
Close Positions
Add a new tag
Caveats
  • Supply blocks, unpowered buildings, or Contaminate may cause inaccurate times.
  • Supply counts are checked every 10 seconds.